 Dungeon Crawl Stone Soup version 0.27.1 (webtiles) character file.

Game seed: 812115001640063609

2 H0rd4k the Caller (level 1, 0/13 HPs)
             Began as a Barachi Summoner on Aug 27, 2021.
             Slain by a jackal (3 damage)
             ... on level 1 of the Dungeon.
             The game lasted 00:00:21 (126 turns).

H0rd4k the Caller (Barachi Summoner)                 Turns: 126, Time: 00:00:21

Health: 0/13       AC:  2    Str:  9    XL:     1   Next: 30%
Magic:  0/3        EV: 12    Int: 15    God:
Gold:   0          SH:  0    Dex: 12    Spells: 3/4 levels left

rFire    . . .     SeeInvis .   (no weapon)
rCold    . . .     Faith    .   (no shield)
rNeg     . . .     Spirit   .   a - +0 robe
rPois    .         Reflect  .   (no helmet)
rElec    .         Harm     .   (no cloak)
rCorr    .         Rampage  .   (no gloves)
Will     .....                  (no boots)
Stlth    ++........             (no amulet)
HPRegen  0.04/turn              (no ring)
MPRegen  0.08/turn              (no ring)

@: slow
A: amphibious, slowness 1, strong legs 1, +LOS
a: Hop


You were on level 1 of the Dungeon.
You visited 1 branch of the dungeon, and saw 1 of its levels.

Inventory:

Armour
 a - a +0 robe (worn)


   Skills:
 + Level 2.1 Dodging
 - Level 1.7 Stealth
 * Level 2.1 Spellcasting
 * Level 5.0 Summonings


You had 3 spell levels left.
You knew the following spells:

 Your Spells              Type           Power      Damage    Failure   Level
a - Summon Small Mammal   Summ           64%        N/A       2%          1

Your spell library contained the following spells:

 Spells                   Type           Power      Damage    Failure   Level
 Call Imp                 Summ           16%        N/A       4%          2
 Call Canine Familiar     Summ           16%        N/A       9%          3
 Summon Guardian Golem    Hex/Summ       9%         N/A       24%         3
 Summon Lightning Spire   Summ/Air       9%         N/A       61%         4


Dungeon Overview and Level Annotations

Branches:
Dungeon (1/15)

Altars:


Innate Abilities, Weirdness & Mutations

You are amphibious.
You cover ground slowly.
You can hop short distances.
You have an extended range of vision and can be seen from far away.


Message History

Your bat barely misses the jackal.
The jackal completely misses you.
Your bat hits the jackal. The bat hits you. The jackal barely misses you.
Your bat hits the jackal but does no damage.
The bat hits you but does no damage.
Your bat closely misses the bat.
The jackal bites you. The bat closely misses you.
Your bat misses the jackal.
Your bat barely misses the jackal.
The jackal bites you but does no damage.
The jackal completely misses you.
Your bat hits the jackal but does no damage.
The bat hits you.
Your bat closely misses the bat.
The jackal misses you.
Your bat hits the jackal but does no damage.
The bat closely misses your bat.
Your bat misses the bat. The jackal barely misses you. The jackal bites you.
You are too injured to fight recklessly!
Unknown command.
You are too injured to fight recklessly!
You are too injured to fight recklessly!
Unknown command.
Casting: Summon Small Mammal (safe; 2% risk of failure)
Confirm with . or Enter, or press ? or * to list all spells.
Your bat barely misses the jackal.
The bat closely misses you.
Your bat barely misses the jackal.
The jackal bites you but does no damage.
The bat closely misses your bat.
Unknown command.
Casting: Summon Small Mammal (safe; 2% risk of failure)
Confirm with . or Enter, or press ? or * to list all spells.
You don't have enough magic to cast this spell.
You completely miss the jackal.
The jackal is lightly wounded.
Your bat barely misses the jackal.
The bat closely misses your bat.
Your bat closely misses the jackal.
Your bat misses the jackal. The jackal bites you.
* * * LOW HITPOINT WARNING * * *
Unknown command.
You barely miss the jackal.
The jackal is lightly wounded.
The jackal bites you.
You die...

.......#...########
.. .................#
..
...............#.###.
.......#......#..#hS
#####...##...#...#.#
##...##..#....#.#
#.......#....b#†#
##.#.#.#....bbh.#
#.......##.b@..#
##....#.##....##
##.......#...#
##..#.......#
##.........#
###.#.....# #########


You could see a jackal (ally target), a bat and 3 friendly bats.

Vanquished Creatures (collateral kills)
  A jackal (D:1)
  2 ball pythons (D:1)
3 creatures vanquished.

Notes
Turn   | Place    | Note
-------+----------+-------------------------------------------
     0 | D:1      | H0rd4k the Barachi Summoner began the quest for the Orb.
     0 | D:1      | Reached XP level 1. HP: 13/13 MP: 3/3
   118 | D:1      | Reached skill level 5 in Summonings
   126 | D:1      | Slain by a jackal

Illustrated notes

Levels and vault maps discovered:
D:1:      wheals_arrival_shading, layout_basic, hangedman_decor_opposing

Skill      XL: |  1 |
---------------+----+-----
Summonings     | 5 |  5.0
Dodging        | |  2.1
Stealth        | |  1.7
Spellcasting   | |  2.1

Action                   || total
-------------------------++-------
Melee: Unarmed           ||     4
 Cast: Summon Small Mamm ||     9
Armor: Robe              ||     3
Dodge: Dodged            ||     8
